 Dungeon Crawl Stone Soup version 0.29.1-13-g9f3cf754e1 (webtiles) character file.

Game seed: 3140340885691355715

21201 kingofthe the Protected (level 12, -3/85 HPs)
             Began as a Minotaur Fighter on Jan 20, 2023.
             Was an Elder of Hepliaklqana.
             Slain by a minotaur
             ... wielding a +2 great mace of protection
              (16 damage)
             ... in a Gauntlet on Jan 21, 2023.
             The game lasted 01:39:42 (21197 turns).

kingofthe the Protected (Minotaur Fighter)         Turns: 21197, Time: 01:39:43

Health: -3/85      AC: 20    Str: 22    XL:     12   Next: 52%
Magic:  15/15      EV: 12    Int:  5    God:    Hepliaklqana [****..]
Gold:   1037       SH:  6    Dex: 14    Spells: 14/17 levels left

rFire   + . .      SeeInvis +   c - +7 Singing Sword {vorpal, sonic wave}
rCold   + . .      Faith    .   I - +0 buckler
rNeg    . . .      Spirit   .   s - +4 chain mail {rF+}
rPois   .          Reflect  .   R - +2 hat
rElec   .          Harm     .   r - +1 cloak
rCorr   +          Rampage  .   (no gloves)
Will    .....      NoTele   +   (no boots)
Stlth   ..........              U - amulet of magic regeneration
HPRegen 0.24/turn               Q - ring of resist corrosion
MPRegen 0.54/turn               G - ring of see invisible

@: no status effects
A: reduced essence, horns 2, retaliatory headbutt, talons 1, cold resistance 1,
frail 1
a: Renounce Religion, Recall Ancestor, Ancestor Identity, Transference, Idealise


You were in a Gauntlet.
You worshipped Hepliaklqana.
Hepliaklqana was greatly pleased with you.
You visited 3 branches of the dungeon, and saw 16 of its levels.
You also visited: Gauntlet.

You collected 1142 gold pieces.
You spent 105 gold pieces at shops.

Inventory:

Hand Weapons
 a - a +3 vorpal sling
 b - a +4 spectral spear
 c - the +7 Singing Sword (weapon) {vorpal, sonic wave}
   (You found it on level 4 of the Dungeon)

   It inflicts extra damage upon your enemies.
   It radiates damaging sonic waves as it strikes, especially in combat
   involving dangerous or numerous foes.
 d - the +6 rapier of Qism {vorpal, rN+ Will+ SInv}
   (You found it on level 4 of the Dungeon)

   It inflicts extra damage upon your enemies.
   rN:        It protects you from negative energy.
   SInv:      It lets you see invisible.
   Will:      It increases your willpower.
 m - a +2 long sword of holy wrath
 n - a +1 hand axe of electrocution
 q - a +3 spear of freezing
 w - a +3 spear
 z - a +0 sling of flaming
 A - a +4 falchion of freezing
 O - a +2 scimitar of protection
 S - a +4 whip of venom
Missiles
 W - a throwing net
Armour
 p - a +0 chain mail of poison resistance
 r - a +1 cloak (worn)
 s - a +4 chain mail of fire resistance (worn)
 y - a +1 robe of positive energy
 E - a +0 troll leather armour
 F - a +4 chain mail
 I - a +0 buckler (worn)
 R - a +2 hat (worn)
 Y - a scarf of harm
Jewellery
 G - a ring of see invisible (right hand)
 L - a ring of fire
 Q - a ring of resist corrosion (left hand)
 U - an amulet of magic regeneration (around neck)
 Z - a +6 ring of intelligence
Wands
 l - a wand of flame (65)
 t - a wand of iceblast (28)
 P - a wand of light (6)
 V - a wand of mindburst (13)
Scrolls
 e - 8 scrolls of teleportation
 f - 13 scrolls of identify
 h - a scroll of torment {!r}
 j - a scroll of summoning
 o - 6 scrolls of poison {!r Chronic Hotbox}
 x - a scroll of enchant weapon
 B - 2 scrolls of enchant armour
 C - a scroll of fear
 H - a scroll of vulnerability
 N - 2 scrolls of amnesia
Potions
 g - 4 potions of brilliance
 i - 7 potions of curing
 k - a potion of heal wounds
 u - 5 potions of flight
 v - a potion of invisibility {unknown}
 D - a potion of attraction
 J - a potion of lignification {unknown}
 K - a potion of resistance {unknown}
 M - a potion of might
 T - 3 potions of mutation
 X - a potion of haste {unknown}


   Skills:
 + Level 10.4 Fighting
 - Level 0.6(1.9) Short Blades
 - Level 3.2 Long Blades
 + Level 8.8(9.1) Polearms
 - Level 3.5(6.6) Staves
 + Level 6.2 Ranged Weapons
 + Level 11.8 Armour
 + Level 11.0 Dodging
 + Level 9.0 Shields
 - Level 3.0 Spellcasting
 - Level 3.6 Transmutations


You had 14 spell levels left.
You knew the following spells:

 Your Spells              Type           Power      Damage    Failure   Level
a - Apportation           Tloc           0%         N/A       95%         1
b - Wereblood             Tmut           4%         N/A       65%         2

Your spell library contained the following spells:

 Spells                   Type           Power      Damage    Failure   Level
 Magic Dart               Conj           0%         1d3       95%         1
 Sublimation of Blood     Necr           0%         N/A       99%         2
 Confusing Touch          Hex            0%         N/A       100%        3
 Frozen Ramparts          Ice            0%         1d1       100%        3
 Stone Arrow              Conj/Erth      0%         3d7       100%        3
 Animate Armour           Summ/Erth      0%         N/A       100%        4
 Ice Form                 Ice/Tmut       2%         N/A       100%        4
 Summon Ice Beast         Ice/Summ       0%         N/A       100%        4
 Alistair's Intoxication  Tmut/Pois      1%         N/A       100%        5
 Yara's Violent Unravell  Hex/Tmut       1%         3d3       100%        5
 Enfeeble                 Hex            0%         N/A       100%        7
 Summon Hydra             Summ           0%         N/A       100%        7
 Lehudib's Crystal Spear  Conj/Erth      0%         10d2      100%        8


Dungeon Overview and Level Annotations

Branches:
Dungeon (13/15)            Temple (1/1) D:4             Orc (2/2) D:10
Gauntlet (1/1)
   Lair: D:8-11         Elf: Orc:2       Vaults: D:13-14

Altars:
Ashenzari
Cheibriados
Dithmenos
Elyvilon
Fedhas
Gozag
Hepliaklqana
Kikubaaqudgha
Makhleb
Nemelex Xobeh
Okawaru
Ru
Trog
Uskayaw
Vehumet
Wu Jian
Yredelemnul
Zin
The Shining One

Shops:
D:6 !   D:8 (   Orc:2 ?

Annotations:
D:4 2 runed translucent doors
D:8 exclusions: electric eel and 1 more exclusion Gauntlet 8 transporters


Innate Abilities, Weirdness & Mutations

Your life essence is reduced to manifest your ancestor. (-10% HP)
You have a pair of horns on your head.
You reflexively headbutt those who attack you in melee.
You have sharp toenails.
Your flesh is cold resistant. (rC+)
You are frail. (-10% HP)


Message History

The minotaur bellows!
Found four items.
You swap places.
Found a gate leading back out of this place.
There is an open door here.
You completely miss the minotaur. Your kick misses the minotaur.
The minotaur hits you with a +2 great mace of protection!!
The minotaur barely misses you.
You hit the minotaur but do no damage.
The Singing Sword booms like a enraged dragon.
You send a blast of sound all around you.
The minotaur is lightly wounded. x2
The minotaur hits you with a +2 great mace of protection!!
The minotaur gores you but does no damage.
The minotaur closely misses you. The minotaur gores you.
You swap places.
Romanian Police hits the minotaur but does no damage.
Romanian Police drains the minotaur.
The minotaur throws a javelin.
The javelin pierces through Romanian Police!
The javelin pierces through you!!
* * * LOW HITPOINT WARNING * * *
Romanian Police barely misses the minotaur.
There is an open door, spattered with blood here.
You feel much better.
Romanian Police hits the minotaur but does no damage.
Romanian Police drains the minotaur.
The minotaur hits Romanian Police with a +2 great mace of protection!!
Romanian Police is destroyed!
You feel better.
You closely miss the minotaur.
You headbutt the minotaur, but do no damage.
The minotaur is lightly wounded.
The minotaur hits you with a +2 great mace of protection!!
* * * LOW HITPOINT WARNING * * *
The minotaur gores you but does no damage.
You slash the minotaur!
You claw the minotaur, but do no damage.
The minotaur is moderately wounded.
The minotaur hits you with a +2 great mace of protection!
You die...

##..###..Z
###########≈..#ZZ.##
#........###..######
##.##.###..##........
#8..........#..######
#.....#.#...#..#.##©.
#########.#.#.©.#8.#..##.
#8=8[8.8#...#...#..#...#†
#∩.....H@.###.©.#∩.#©##.#
#8[8"8.8#...#...#..###.#.
#########.#.#.©.#8.##..##
#.....#.#...#..#....#
#8..........#..######
##.##.###..##........
#........###..######
###########≈§.#zzzzz
##..#"##z#


You could see a minotaur (drained).

Vanquished Creatures
  An orc warlord (D:10)
  A hydra (D:13)
  A boulder beetle (D:12)
  A two-headed ogre (D:9)
  2 slime creatures (D:12)
  2 fire crabs (Gauntlet)
  A moth of wrath (Gauntlet)
  A cyclops (D:11)
  2 manticores
  2 kobold demonologists (D:9)
  5 trolls
  A hornet (D:10)
  Grinder (D:5)
  Sigmund (D:3)
  A shadow (D:12)
  5 yaks
  2 vampires
  A wyvern (D:8)
  8 fire bats (Gauntlet)
  5 vampire mosquitoes
  Duvessa (D:6)
  A hell hound (Gauntlet)
  A water moccasin (D:4)
  4 black bears
  14 orc warriors
  An ice beast (D:5)
  A sky beast (D:4)
  4 ogres
  3 centaurs
  7 wolves
  A gnoll sergeant (D:7)
  6 kobold brigands
  3 necrophages
  2 bullfrogs
  7 scorpions
  9 wights
  9 killer bees
  Dowan (D:6)
  An electric eel (D:8)
  3 howler monkeys (D:10)
  2 jellies (D:4)
  5 hounds
  4 gnoll boudas
  5 orc priests
  A hexer (Orc:1)
  4 iguanas
  14 orc wizards
  Robin (D:2)
  29 gnolls
  16 adders
  A shadow imp (D:8)
  2 white imps
  2 ufetubi (D:5)
  3 worms
  4 dart slugs
  37 orcs
  15 bats
  2 endoplasms
  4 giant cockroaches
  14 goblins
  14 hobgoblins
  20 kobolds
  2 quokkas
  3 ball pythons
  2 frilled lizards (D:1)
  9 rats
338 creatures vanquished.

Vanquished Creatures (collateral kills)
  An ugly thing (D:12)
  A gargoyle (D:13)
  A vampire (D:12)
  A wyvern (D:8)
  3 wraiths
  A yak (D:12)
  A basilisk (D:11)
  3 orc warriors
  A black bear (D:8)
  An ogre (Orc:1)
  A wolf (D:8)
  A kobold brigand (D:9)
  A gnoll sergeant (D:12)
  A wight (D:6)
  3 killer bees
  2 howler monkeys
  2 orc priests
  2 hounds
  5 orc wizards
  6 gnolls
  An adder (D:6)
  A white imp (D:7)
  11 orcs
  A kobold (D:7)
52 creatures vanquished.

Vanquished Creatures (others)
  13 hexers
  An orc wizard (D:9)
  5 ancestors
  7 fungi (D:4)
  2 plants (D:4)
28 creatures vanquished.

Grand Total: 418 creatures vanquished

Notes
Turn   | Place    | Note
-------+----------+-------------------------------------------
     0 | D:1      | kingofthe the Minotaur Fighter began the quest for the Orb.
     0 | D:1      | Reached XP level 1. HP: 19/19 MP: 0/0
   106 | D:1      | Reached XP level 2. HP: 18/27 MP: 1/1
   481 | D:1      | Found a faded altar of an unknown god.
   489 | D:1      | Got Plato's Excursus on Conjuring
   772 | D:2      | Noticed Robin
   786 | D:2      | Reached XP level 3. HP: 27/33 MP: 2/2
  1077 | D:2      | Killed Robin
  1078 | D:2      | Reached skill level 1 in Dodging
  1505 | D:2      | Reached XP level 4. HP: 40/40 MP: 3/3
  1895 | D:2      | You fall into a shaft and drop 2 floors!
  1934 | D:4      | Reached skill level 1 in Ranged Weapons
  1934 | D:4      | Reached XP level 5. HP: 42/47 MP: 4/4
  2488 | D:3      | Found an ancient bone altar of Kikubaaqudgha.
  2665 | D:3      | Noticed Sigmund
  2675 | D:3      | Killed Sigmund
  2676 | D:3      | Reached skill level 5 in Fighting
  2676 | D:3      | Reached skill level 5 in Armour
  2676 | D:3      | Reached XP level 6. HP: 46/56 MP: 5/5
  3362 | D:4      | Reached XP level 7. HP: 51/61 MP: 6/6
  3554 | D:4      | Found the +7 Singing Sword {vorpal, sonic wave}
  3652 | D:4      | Reached skill level 5 in Dodging
  3934 | D:4      | Found a large runed translucent door.
  3934 | D:4      | Found a large runed translucent door.
  3944 | D:4      | Found a large runed translucent door.
  3944 | D:4      | Found a large runed translucent door.
  4016 | D:4      | Found a staircase to the Ecumenical Temple.
  4118 | Temple   | Entered the Ecumenical Temple
  4238 | Temple   | Became a worshipper of Hepliaklqana the Forgotten
  4679 | D:4      | Reached XP level 8. HP: 57/70 MP: 7/7
  5298 | D:5      | Entered Level 5 of the Dungeon
  5975 | D:5      | Reached skill level 1 in Staves
  6252 | D:5      | Noticed Grinder
  6269 | D:5      | Paralysed by Grinder for 5 turns
  6275 | D:5      | Killed Grinder
  6420 | D:5      | Reached XP level 9. HP: 61/79 MP: 8/8
  6618 | D:5      | Found a bloodstained altar of Trog.
  7304 | D:4      | Identified the +6 rapier of Qism {vorpal, rN+ Will+ SInv}
  7308 | D:4      | Learned a level 1 spell: Apportation
  7311 | D:4      | Learned a level 2 spell: Wereblood
  7505 | D:6      | Found Zilifaost's Distillery.
  7520 | D:5      | Reached skill level 1 in Long Blades
  7878 | D:6      | Reached skill level 1 in Transmutations
  8004 | D:6      | Reached * piety under Hepliaklqana
  8216 | D:6      | Reached skill level 5 in Ranged Weapons
  8216 | D:6      | Noticed Dowan
  8219 | D:6      | Noticed Duvessa
  8278 | D:5      | Reached skill level 1 in Spellcasting
  8374 | D:6      | Killed Duvessa
  8501 | D:6      | Killed Dowan
 11317 | D:7      | Reached XP level 10. HP: 46/79 MP: 11/11
 12247 | D:8      | Found Lano Fai's Weapon Shoppe.
 12266 | D:8      | Reached ** piety under Hepliaklqana
 12348 | D:8      | Remembered your ancestor Romanian Police as a hexer
 12721 | D:8      | Found a blossoming altar of Fedhas.
 13091 | D:8      | Reached skill level 5 in Shields
 13210 | D:8      | Found a glowing silver altar of Zin.
 13250 | D:8      | Found a sparkling altar of Nemelex Xobeh.
 13584 | D:8      | Found an ornate altar of the Wu Jian Council.
 14010 | D:9      | Noticed a two-headed ogre
 14110 | D:9      | Found a radiant altar of Vehumet.
 14232 | D:9      | Reached skill level 5 in Polearms
 14374 | D:9      | Killed a two-headed ogre
 14947 | D:9      | Reached skill level 10 in Armour
 14947 | D:9      | Reached XP level 11. HP: 84/84 MP: 14/14
 15270 | D:10     | Entered Level 10 of the Dungeon
 15564 | D:10     | Found a staircase to the Orcish Mines.
 15828 | D:10     | Reached *** piety under Hepliaklqana
 16478 | D:11     | Identified the +4 quarterstaff "Hoklaig" {freeze, rF+
                  | Dex+5}
 16694 | Orc:1    | Entered Level 1 of the Orcish Mines
 16810 | Orc:1    | Reached skill level 10 in Dodging
 17121 | D:10     | Gained mutation: You have sharp toenails. [potion of
                  | mutation]
 17121 | D:10     | Gained mutation: You are frail. (-10% HP) [potion of
                  | mutation]
 17121 | D:10     | Gained mutation: Your flesh is cold resistant. (rC+)
                  | [potion of mutation]
 17347 | Orc:2    | Entered Level 2 of the Orcish Mines
 17397 | Orc:2    | Reached **** piety under Hepliaklqana
 17400 | Orc:2    | Found Anyoraqy's Magic Scroll Emporium.
 17431 | Orc:2    | Bought a scroll of fear for 60 gold pieces
 17431 | Orc:2    | Bought a scroll of teleportation for 45 gold pieces
 17440 | Orc:2    | Noticed an orc warlord
 18060 | D:10     | Killed an orc warlord
 18904 | Orc:2    | Noticed an orc sorcerer
 19397 | D:12     | Noticed a white ugly thing
 19401 | D:12     | Killed a white ugly thing
 19642 | D:12     | Noticed a boulder beetle
 19683 | D:12     | Killed a boulder beetle
 19684 | D:12     | Reached XP level 12. HP: 37/84 MP: 15/15
 20354 | D:13     | Reached skill level 10 in Fighting
 20361 | D:13     | Noticed an eight-headed hydra
 20367 | D:13     | Killed an eight-headed hydra
 20378 | D:13     | Found a gate leading to a gauntlet.
 20398 | Gauntlet | Entered a Gauntlet
 20398 | Gauntlet | Found a transporter.
 20398 | Gauntlet | Found a transporter.
 20414 | Gauntlet | Noticed a catoblepas
 20448 | Gauntlet | Found a transporter.
 20460 | Gauntlet | Found a transporter.
 20477 | Gauntlet | Found a transporter.
 20478 | Gauntlet | Found a transporter.
 20480 | Gauntlet | Found a transporter.
 20480 | Gauntlet | Found a transporter.
 20482 | Gauntlet | Noticed a death scarab
 20483 | Gauntlet | Noticed a death scarab
 20492 | Gauntlet | Found a transporter.
 20508 | Gauntlet | Found a transporter.
 20518 | Gauntlet | Found a transporter.
 20532 | Gauntlet | Found a transporter.
 20545 | Gauntlet | Found a transporter.
 20552 | Gauntlet | Found a transporter.
 20553 | Gauntlet | Found a runed translucent door.
 21188 | Gauntlet | Identified the +3 scale mail of Gluttony {Will- Int+5 Dex+4
                  | SInv}
 21188 | Gauntlet | Noticed a minotaur
 21197 | Gauntlet | Slain by a minotaur

Illustrated notes

Levels and vault maps discovered:
D:1:      heliophobic_arrival_ceremonial_halls, layout_rooms,
          shapermc_ecumenical_altar_rom_forum, minmay_heptomino_w4
D:2:      layout_loops_ring, uniq_robin
D:3:      layout_loops_cross, nicolae_overflow_crystal_walls, chequers_garden,
          minivault_19, uniq_sigmund
D:4:      old_forge, layout_loops_ring, minmay_temple_entry_proselytizer,
          minmay_hollow_rounded_squares
D:5:      layout_loops_ring, mainiacjoe_overflow_tiny_flanked,
          grunt_ministairs_11, minmay_holes, uniq_grinder
D:6:      layout_loops_ring, serial_shops, shop, minmay_misc_feat_rugged,
          hangedman_decor_points, grunt_ministairs_4, uniq_duvessa
D:7:      layout_basic
D:8:      layout_rooms, nzn_wu_jian_council_hall,
          mainiacjoe_overflow_large_starburst, fedhas_altar_2, erik_lair_island,
          serial_shops, nicolae_diamond_shop, serial_co_window_serial,
          co_window_paths_b, co_window_paths_b, co_window_of_opportunity_a,
          co_window_paths_a, co_window_corner_a, co_window_cross_3,
          co_window_2corner, co_window_broadway_c, co_window_paths_c,
          co_window_paths_e, glass_columns_c, glass_columns_a, glass_columns_a,
          glass_columns_a
D:9:      layout_roguey, nicolae_vehumet_altar_sigil
D:10:     layout_roguey, david_orc_2, dk_rats_in_the_wall
D:11:     layout_gridville
D:12:     layout_irregular_city
D:13:     layout_cave_pods, gauntlet_entry_generic
Temple:   bh_familiar_temple
Orc:1:    layout_caves
Orc:2:    pf_orc_diabolical, layout_diamond_mine, serial_shops,
          nicolae_shop_waterfront
Gauntlet: gammafunk_gauntlet_mixed_choke_point
          [minmay_gauntlet_arena_77_p_blocks, minmay_gauntlet_arena_77_path,
          minmay_gauntlet_arena_77_terracotta_army,
          gammafunk_gauntlet_arena_spirals, minmay_gauntlet_arena_77_braids,
          minmay_gauntlet_arena_77_fan, minmay_gauntlet_arena_77_squiggly,
          nicolae_gauntlet_exit_dead_adventurers]

Skill      XL: |  1  2  3  4  5  6  7  8  9 10 11 12 |
---------------+-------------------------------------+-----
Fighting       | 4 5 6 7 8 9 10 | 10.4
Armour         | 4 5 6 7 8 10 11 | 11.8
Shields        | 4 6 8 9 |  9.0
Polearms       | 3 5 7 8 |  8.8
Dodging        | 1 2 3 4 6 7 8 9 10 11 | 11.0
Ranged Weapons | 1 2 3 4 5 6 |  6.2
Staves         | 2 3 |  3.5
Long Blades    | 3 |  3.2
Transmutations | 2 3 |  3.6
Spellcasting   | 1 3 |  3.0
Short Blades   | |  0.6

Action                   |  1- 3 |  4- 6 |  7- 9 | 10-12 || total
-------------------------+-------+-------+-------+-------++-------
Melee: Trident           |   107 |    67 |   125 |       ||   299
       Headbutt          |     8 |    11 |    51 |    78 ||   148
       Quarterstaff      |       |       |    56 |       ||    56
       Rapier            |       |       |    32 |       ||    32
       Spear             |       |       |    28 |   300 ||   328
       Double sword      |       |       |    27 |    49 ||    76
       Sling             |       |       |     1 |     1 ||     2
       Kick              |       |       |       |    49 ||    49
 Fire: Sling             |    12 |    33 |   188 |   296 ||   529
Invok: Ancestor Identity |       |       |     1 |       ||     1
       Recall Ancestor   |       |       |       |     3 ||     3
       Ancestor Life: He |       |       |       |     1 ||     1
  Use: Potion            |       |       |     4 |     7 ||    11
       Scroll            |       |       |    16 |     3 ||    19
 Stab: Confused          |       |       |       |    11 ||    11
       Distracted        |       |       |       |     2 ||     2
Armor: Scale mail        |    37 |    12 |       |       ||    49
       Ring mail         |       |     6 |    91 |     5 ||   102
       Chain mail        |       |       |       |   103 ||   103
Dodge: Dodged            |    49 |    40 |   219 |   110 ||   418
Block: Buckler           |    15 |    25 |    89 |    60 ||   189
